 Dungeon Crawl Stone Soup version 0.18-a0-1040-g4865665 (webtiles) character file.

308231 Kristof the Executioner (level 20, -2/183 HPs)
             Began as a Minotaur Fighter on Jan 10, 2016.
             Was the Champion of Okawaru.
             Killed from afar by a deep elf sorcerer (9 damage)
             ... with a bolt of acid
             ... on level 3 of the Abyss.
             The game lasted 03:06:24 (44250 turns).

Kristof the Executioner (Minotaur Fighter)         Turns: 44250, Time: 03:06:24

Health: -2/183     AC: 36    Str: 31      XL:     20   Next: 68%
Magic:  27/27      EV: 16    Int:  3 (5)  God:    Okawaru [******]
Gold:   263        SH: 20    Dex: 12      Spells: 2 memorised, 7 levels left

rFire  + + .     SeeInvis .     I - +9 broad axe (elec)
rCold  + + .     Gourm    .     R - +7 plate armour of Myzxaet {rF+ rC+ rCorr Str+3}
rNeg   + . .     Faith    .     P - +0 shield {AC+3}
rPois  +         Spirit   .     o - -2 hat of the Alchemist {rElec rPois rF+ rC+ rN+ MR+ rMut rCorr}
rElec  +         Dismiss  .     O - +1 cloak {rPois}
rCorr  +         Reflect  +     b - +0 pair of gloves
rMut   +         Harm     .     i - +0 pair of boots
SustAt .                        z - +4 amulet of reflection
MR     ++...                    G - +6 ring of slaying
Stlth  ..........               M - +5 ring of protection

@: very slightly contaminated, very resistant to hostile enchantments, extremely
unstealthy
A: retaliatory headbutt, horns 2
a: Heroism, Finesse, Renounce Religion
}: 1/15 runes: serpentine


You were on level 3 of the Abyss.
You worshipped Okawaru.
Okawaru was exalted by your worship.
You were very full.

You visited 6 branches of the dungeon, and saw 35 of its levels.
You visited the Abyss 1 time.
You also visited: Labyrinth, Ossuary and Bailey.

You collected 5952 gold pieces.
You spent 5689 gold pieces at shops.

Inventory:

Hand Weapons
 F - the +0 arbalest of the Priest {penet, rElec rC+ Int+2 SInv}
   (You took it off a minotaur in a labyrinth)

   Ammo fired by it will pass through the targets it hits, potentially hitting
   all targets in its path until it reaches maximum range.
   It affects your intelligence (+2).
   It protects you from cold.
   It insulates you from electricity.
   It lets you see invisible.
 I - a +9 broad axe of electrocution (weapon)
Missiles
 c - 66 steel bolts
 q - 124 bolts of flame
 x - 1040 bolts
 y - 82 silver bolts
Armour
 b - a +0 pair of gloves (worn)
 i - a +0 pair of boots (worn)
 o - the -2 hat of the Alchemist (worn) {rElec rPois rF+ rC+ rN+ MR+ rMut rCorr}
   (You bought it in a shop on level 1 of the Vaults)

   It protects you from fire.
   It protects you from cold.
   It insulates you from electricity.
   It protects you from poison.
   It protects you from negative energy.
   It affects your resistance to hostile enchantments.
   It protects you from acid and corrosion.
   It protects you from mutation.
 O - a +1 cloak of poison resistance (worn)
 P - a +0 shield of protection (worn)
 R - the +7 plate armour of Myzxaet (worn) {rF+ rC+ rCorr Str+3}
   (You found it on level 2 of the Snake Pit)

   It affects your strength (+3).
   It protects you from fire.
   It protects you from cold.
   It protects you from acid and corrosion.
 X - a +2 cloak of invisibility
Jewellery
 z - a +4 amulet of reflection (around neck)
 G - a +6 ring of slaying (right hand)
 M - a +5 ring of protection (left hand)
Wands
 a - a wand of fire (15/15)
 e - a wand of disintegration (23/24)
 A - a wand of digging (3/24)
 Q - a wand of cold (2/15)
 T - a wand of teleportation (4/9)
Scrolls
 d - 19 scrolls of remove curse
 k - 6 scrolls of magic mapping
 l - 4 scrolls of teleportation
 m - 3 scrolls of blinking
 u - 7 scrolls of fog
 C - 2 scrolls of enchant armour
 E - 7 scrolls of identify
 N - 5 scrolls of immolation
 S - 3 scrolls of fear
Potions
 h - 2 potions of magic
 p - 3 potions of haste
 r - 2 potions of might
 v - a potion of invisibility
 w - 4 potions of berserk rage
 D - 4 potions of curing
 J - 4 potions of flight
 K - 4 potions of agility
Comestibles
 f - 17 bread rations
 j - 21 meat rations
 n - 3 fruits
 s - 14 slices of pizza


   Skills:
 + Level 16.8 Fighting
 * Level 22.2 Axes
 - Level 7.0 Crossbows
 + Level 16.7 Armour
 + Level 15.8 Dodging
 + Level 17.2 Shields
 - Level 6.0 Invocations
 + Level 11.9 Evocations


You had 7 spell levels left.
You knew the following spells:

 Your Spells              Type           Power        Failure   Level  Hunger
a - Bolt of Fire          Conj/Fire      #.........   100%        6    #######
b - Bolt of Cold          Conj/Ice       #.........   100%        6    #######


Dungeon Overview and Level Annotations

Branches:
Dungeon (15/15)            Temple (1/1) D:4            Lair (8/8) D:9
 Shoals (0/4) Lair:6        Snake (4/4) Lair:5        Slime (0/6) Lair:7
    Orc (2/2) D:9             Elf (0/3) Orc:2        Vaults (4/5) D:14
  Crypt (0/3) Vaults:3     Depths (0/5) D:15

Altars:
Ashenzari
Cheibriados
Dithmenos
Elyvilon
Fedhas
Gozag
Kikubaaqudgha
Makhleb
Nemelex Xobeh
Okawaru
Pakellas
Qazlal
Ru
Sif Muna
Trog
Vehumet
Xom
Yredelemnul
Zin
The Shining One

Shops:
D:6 ?   Orc:2 %=[(!   Snake:1 [   Vaults:1 (([!   Vaults:2 [![


Innate Abilities, Weirdness & Mutations

You reflexively headbutt those who attack you in melee.
You have a pair of horns on your head.


Message History

A deep elf sorcerer comes into view. It is wielding a dagger.
A deep elf sorcerer is nearby!
A deep elf sorcerer is nearby!
A deep elf sorcerer is nearby!
A deep elf sorcerer is nearby!
A deep elf sorcerer is nearby!
A deep elf sorcerer is nearby!
A deep elf sorcerer is nearby!
Unknown command.
Unknown command.
Found 6 needles of paralysis.
The deep elf sorcerer shouts!
Found a scroll of remove curse.
You are too injured to fight recklessly!
You are too injured to fight recklessly!
You are too injured to fight recklessly!
You are too injured to fight recklessly!
The deep elf sorcerer gestures at you while chanting.
The bolt of acid hits you! You resist.
You die...

..... #(..
#...... ....
##. .....#.
#.. #.?.
....#.. #.#
#..
.......##.#
...
..#..#....##.#
..........#.#
#....@.#
..........##
..#.####.....
.. #.#e..## .
..##..#.# ...
###.... ...
..... .#.
....#


You could see a deep elf sorcerer.

Vanquished Creatures
  Xtahua (Vaults:3)
  2 tentacled monstrosities
  A lich (Vaults:4)
  Jorgrun (Vaults:1)
  Frances (D:12)
  A titan (Vaults:5)
  An Executioner (Abyss:2)
  3 sphinxes
  A tentacled starspawn (Abyss:2)
  A revenant (Abyss:2)
  8 greater nagas
  Wiglaf (Snake:3)
  A deep elf sorcerer (Vaults:5)
  Aizul (Snake:1)
  17 vault wardens
  A frost giant (Vaults:4)
  2 ghouls
  13 ironheart preservers
  3 stone giants
  2 very ugly things (Vaults:2)
  3 war gargoyles
  2 deep elf demonologists
  A lorocyproca (Abyss:2)
  A purple draconian (Abyss:2)
  3 ettins
  2 deep elf death magi (Vaults:2)
  29 vault guards
  A minotaur (Lab)
  5 yaktaur captains
  6 fire dragons
  A great orb of eyes (Vaults:4)
  3 death knights
  2 catoblepae
  11 naga warriors
  6 hydras
  19 anacondas
  6 centaur warriors
  6 ogre magi
  4 death yaks (Lair:8)
  A deep troll shaman (Vaults:3)
  3 deep troll earth magi
  The ghost of stburah the Blocker, a novice FoFi (Bailey)
  A thrashing horror (Abyss:2)
  3 tengu warriors (D:15)
  15 naga sharpshooters
  8 shock serpents
  Sonja (Lair:1)
  A wretched star (Abyss:2)
  2 fire crabs (shapeshifter) (Vaults:2)
  2 skeletal warriors
  13 deep elf knights
  8 salamander mystics
  A death drake (Abyss:2)
  A flayed ghost (Abyss:2)
  A spatial maelstrom (Abyss:2)
  7 deep trolls
  7 naga ritualists
  A giant orange brain (Vaults:3)
  3 unseen horrors
  A deep elf archer (Vaults:1)
  8 starcursed masses (Abyss:2)
  8 hill giants
  A wizard (D:14)
  14 orc knights
  7 lindwurms
  14 ironbrand convokers
  A phantasmal warrior (Vaults:4)
  12 harpies
  An orb spider (shapeshifter) (D:15)
  19 deep elf magi
  2 orc sorcerers
  2 wolf spiders
  A hornet (shapeshifter) (Vaults:1)
  30 ugly things
  3 griffons
  3 necromancers
  17 mana vipers
  12 salamanders
  A frost giant zombie (Vaults:2)
  2 hornets
  A shining eye (Abyss:2)
  2 manticores
  8 cyclopes
  A sixfirhy (Abyss:2)
  3 elephants (Lair:4)
  23 naga magi
  42 black mambas
  Maurice (D:10)
  7 guardian serpents
  A smoke demon (Abyss:2)
  9 vault sentinels
  9 torpor snails
  2 gargoyles
  A spiny frog (shapeshifter) (Vaults:4)
  12 komodo dragons
  A salamander skeleton (Vaults:2)
  12 spiny frogs
  A storm dragon simulacrum (Vaults:1)
  5 kobold demonologists
  38 yaktaurs
  A yaktaur (shapeshifter) (Vaults:1)
  An efreet (D:13)
  7 trolls
  4 freezing wraiths
  2 ancient zymes (Abyss:2)
  3 large abominations (Abyss:2)
  2 polar bears
  Grinder (D:5)
  A tengu conjurer (D:13)
  14 two-headed ogres
  A hornet zombie (D:14)
  A polar bear (shapeshifter) (Vaults:3)
  A tengu simulacrum (Vaults:1)
  5 giant leeches (Lair:8)
  A sphinx simulacrum (Vaults:2)
  A wind drake (shapeshifter) (Vaults:1)
  14 slime creatures
  13 blink frogs
  An ettin zombie (Vaults:2)
  A human simulacrum (Vaults:1)
  6 raiju (Abyss:2)
  3 boulder beetles
  A frost giant simulacrum (Vaults:2)
  A fire giant simulacrum (Vaults:3)
  2 spriggans
  49 yaks
  2 redbacks (Lab)
  3 shadows
  2 vampires (D:14)
  4 ynoxinuls (Abyss:2)
  3 wyverns
  3 wraiths
  A hog (shapeshifter) (D:15)
  18 vampire mosquitoes
  2 basilisks (D:14)
  2 steam dragons (Lair:8)
  A hungry ghost (D:15)
  10 hippogriffs
  27 wolves
  2 wargs
  4 mottled dragons
  42 nagas
  A soldier ant (D:10)
  3 hell hounds (Abyss:2)
  15 water moccasins
  The ghost of Reinor the Gusty, an amateur TeAE (D:3)
  8 porcupines
  3 swamp drakes (Lair:8)
  5 black bears
  3 ice beasts
  61 orc warriors
  3 wasps (Lair:8)
  An ettin simulacrum (Vaults:2)
  3 necrophages
  An eye of draining (D:9)
  4 phantoms
  4 boggarts (Vaults:1)
  31 ogres
  4 sky beasts
  18 centaurs
  28 crocodiles
  A human skeleton (Vaults:2)
  4 big kobolds
  21 giant frogs
  A wyvern zombie (D:6)
  A water moccasin zombie (D:10)
  2 wyvern skeletons
  3 scorpions
  3 wights (D:14)
  9 killer bees
  2 spriggan skeletons (Lab)
  2 electric eels (Bailey)
  5 crimson imps
  7 centaur zombies
  2 giant frog zombies
  3 jellies
  17 orc priests
  3 hounds
  3 quasits
  3 human zombies (Ossuary)
  24 orc wizards
  5 centaur skeletons
  2 giant frog skeletons
  13 iguanas
  9 worker ants
  6 sheep (Lair:8)
  2 ogre skeletons (Lab)
  A hound skeleton (D:4)
  2 mummies (Ossuary)
  13 gnolls
  57 river rats
  4 adders
  6 shadow imps
  An ufetubus (Abyss:2)
  An ooze (D:2)
  4 adder skeletons
  3 adder zombies
  19 worms
  7 giant geckos
  113 orcs
  A ball python (D:4)
  8 giant cockroaches
  12 goblins
  13 hobgoblins
  14 jackals
  15 kobolds
  3 quokkas
  8 bats
  A giant gecko skeleton (D:5)
  8 giant newts
  3 goblin zombies (Ossuary)
  9 hobgoblin zombies (Ossuary)
  9 kobold zombies (Ossuary)
  7 orc zombies (Ossuary)
  A quokka skeleton (D:4)
  6 rats
  A rat zombie (Ossuary)
  A bush (Lair:8)
  A butterfly (Lair:8)
  10 fungi
  22 plants
1588 creatures vanquished.

Vanquished Creatures (others)
  A yaktaur captain (Vaults:1)
  2 deep elf archers (Vaults:4)
  A stone giant skeleton (Vaults:2)
  5 yaktaurs
  3 centaurs
  A scorpion (D:12)
  An iguana (Lair:8)
  2 orcs (D:12)
  A quokka (D:12)
  21 fungi
  22 plants
  2 starspawn tentacles (Abyss:2)
  16 starspawn tentacle segments (Abyss:2)
78 creatures vanquished.

Grand Total: 1666 creatures vanquished

Notes
Turn   | Place    | Note
--------------------------------------------------------------
     0 | D:1      | Kristof the Minotaur Fighter began the quest for the Orb.
     0 | D:1      | Reached XP level 1. HP: 19/19 MP: 0/0
   119 | D:1      | Found a shattered altar of Ashenzari.
   235 | D:1      | Reached XP level 2. HP: 27/27 MP: 1/1
   576 | D:1      | Reached skill level 4 in Shields
   616 | D:2      | Reached XP level 3. HP: 33/33 MP: 2/2
   619 | D:2      | Reached skill level 1 in Dodging
  1188 | D:3      | Noticed Reinor's ghost (amateur TeAE)
  1198 | D:3      | Killed Reinor's ghost
  1198 | D:3      | Reached XP level 4. HP: 29/40 MP: 3/3
  1198 | D:3      | Reached XP level 5. HP: 33/46 MP: 4/4
  1785 | D:4      | Found a bloodstained altar of Trog.
  1932 | D:4      | Noticed an ogre
  1944 | D:4      | Killed an ogre
  1944 | D:4      | Reached XP level 6. HP: 24/53 MP: 5/5
  2121 | D:4      | Reached skill level 5 in Axes
  2134 | D:4      | Found a basalt altar of Yredelemnul.
  2277 | D:4      | Reached skill level 5 in Armour
  2277 | D:4      | Reached skill level 5 in Shields
  2282 | D:4      | Found a staircase to the Ecumenical Temple.
  2297 | Temple   | Entered the Ecumenical Temple
  2591 | D:4      | Found an iron altar of Okawaru.
  2592 | D:4      | Found a sacrificial altar of Ru.
  2711 | D:4      | Became a worshipper of Warmaster Okawaru
  2811 | D:5      | Entered Level 5 of the Dungeon
  2813 | D:5      | Noticed Grinder
  2817 | D:5      | Reached XP level 7. HP: 56/60 MP: 6/6
  2819 | D:5      | Paralysed by Grinder for 7 turns
  2829 | D:5      | Paralysed by Grinder for 5 turns
  2842 | D:5      | Killed Grinder
  2842 | D:5      | Reached skill level 5 in Fighting
  2842 | D:5      | Reached skill level 6 in Axes
  2842 | D:5      | Reached skill level 1 in Invocations
  3708 | D:5      | Reached * piety under Okawaru
  3760 | D:5      | Reached XP level 8. HP: 69/69 MP: 8/8
  4095 | D:5      | Reached skill level 7 in Axes
  4437 | D:6      | Found Sanevium's Gadget Shoppe.
  4489 | D:6      | Found Yninuc Quis's Magic Scroll Boutique.
  4504 | D:6      | Bought a scroll of identify for 22 gold pieces
  4504 | D:6      | Bought a scroll of enchant weapon for 82 gold pieces
  4504 | D:6      | Bought a scroll of enchant armour for 82 gold pieces
  4606 | D:6      | Found a snail-covered altar of Cheibriados.
  4967 | D:7      | Reached ** piety under Okawaru
  4967 | D:7      | Reached skill level 8 in Axes
  5051 | D:7      | Found a sand-covered staircase.
  5057 | Ossuary  | Entered an ossuary
  5181 | Ossuary  | Reached XP level 9. HP: 72/75 MP: 10/10
  5363 | D:7      | Reached skill level 5 in Dodging
  5779 | D:7      | Reached *** piety under Okawaru
  5788 | D:7      | Reached skill level 9 in Axes
  6602 | D:8      | Got a jade-encrusted chain mail
  6613 | D:8      | Identified the +3 chain mail of the Other Side {rCorr Str+5} (You found it on level 8 of the Dungeon)
  7142 | D:9      | Found a staircase to the Orcish Mines.
  7176 | D:9      | Found a deep blue altar of Sif Muna.
  7377 | D:9      | Found a shattered altar of Ashenzari.
  7578 | D:9      | Learned a level 6 spell: Bolt of Fire
  7582 | D:9      | Found a staircase to the Lair.
  7707 | D:9      | Reached **** piety under Okawaru
  7707 | D:9      | Reached XP level 10. HP: 82/86 MP: 12/12
  8072 | D:10     | Entered Level 10 of the Dungeon
  8090 | D:10     | Found a flagged portal.
  8102 | Bailey   | Entered a bailey
  8102 | Bailey   | Noticed stburah's ghost (novice FoFi)
  8108 | Bailey   | Killed stburah's ghost
  8108 | Bailey   | Reached skill level 10 in Axes
  8363 | Bailey   | Found an iron altar of Okawaru.
  8363 | Bailey   | Noticed an orc sorcerer
  8370 | Bailey   | Killed an orc sorcerer
  8450 | Bailey   | Reached skill level 5 in Invocations
  8562 | Bailey   | Reached ***** piety under Okawaru
  9112 | D:10     | Received a gift from Okawaru
  9112 | D:10     | Reached skill level 11 in Axes
  9380 | D:10     | Reached XP level 11. HP: 93/95 MP: 14/14
  9772 | D:10     | Noticed Maurice
  9777 | D:10     | Killed Maurice
  9923 | Lair:1   | Entered Level 1 of the Lair of Beasts
 10238 | Lair:1   | Noticed Sonja
 10271 | Lair:1   | Killed Sonja
 10447 | Lair:1   | Received a gift from Okawaru
 10447 | Lair:1   | Reached skill level 1 in Evocations
 10808 | Lair:2   | Reached skill level 12 in Axes
 11807 | Lair:3   | Reached skill level 1 in Crossbows
 11807 | Lair:3   | Reached skill level 10 in Shields
 12062 | Lair:3   | Noticed a seven-headed hydra
 12069 | Lair:3   | Killed a nine-headed hydra
 12069 | Lair:3   | Reached XP level 12. HP: 51/105 MP: 15/15
 12323 | Lair:3   | Reached ****** piety under Okawaru
 12607 | Lair:3   | Received a gift from Okawaru
 13346 | Lair:4   | Reached skill level 10 in Fighting
 13350 | Lair:4   | Reached skill level 10 in Armour
 13429 | Lair:4   | Reached skill level 13 in Axes
 13724 | Lair:4   | Received a gift from Okawaru
 13735 | Lair:4   | Got a twisted battleaxe {god gift}
 13746 | Lair:4   | Identified the +1 battleaxe "Kauraf" {vamp, +Rage rElec Dex+4} (Okawaru gifted it to you on level 4 of the Lair of Beasts)
 14168 | Lair:5   | Found a staircase to the Snake Pit.
 14925 | Lair:6   | Noticed a catoblepas
 14943 | Lair:6   | Killed a catoblepas
 14943 | Lair:6   | Reached XP level 13. HP: 110/114 MP: 16/16
 15159 | Lair:6   | Learned a level 6 spell: Bolt of Cold
 15159 | Lair:6   | Found a staircase to the Shoals.
 15520 | Lair:6   | Received a gift from Okawaru
 16682 | Lair:7   | Reached skill level 14 in Axes
 16682 | Lair:7   | Reached skill level 5 in Crossbows
 17081 | Lair:7   | Found a staircase to the Slime Pits.
 17459 | Lair:8   | Entered Level 8 of the Lair of Beasts
 17814 | Lair:8   | Reached skill level 10 in Dodging
 17852 | Lair:8   | Reached skill level 5 in Evocations
 18149 | Lair:8   | Received a gift from Okawaru
 18194 | Lair:8   | Noticed a fire dragon
 18208 | Lair:8   | Killed a fire dragon
 18780 | Lair:8   | Reached XP level 14. HP: 122/124 MP: 17/17
 18893 | Lair:8   | Received a gift from Okawaru
 18974 | Lair:8   | Found a runed door.
 18984 | Lair:8   | Reached skill level 15 in Axes
 20636 | D:12     | Noticed Frances
 20651 | D:12     | Killed Frances
 20666 | D:12     | Found a shimmering altar of Xom.
 20973 | D:13     | Found a labyrinth entrance.
 20989 | Lab      | Entered a labyrinth
 21701 | Lab      | Got a polished arbalest
 21701 | Lab      | Got a faintly humming ice dragon armour
 21702 | Lab      | Identified the +8 ice dragon armour of the Devil {*Contam rF- rC++ MR+ rCorr} (You took it off a minotaur in a labyrinth)
 21703 | Lab      | Identified the cursed +0 arbalest of the Priest {penet, rElec rC+ Int+2 SInv} (You took it off a minotaur in a labyrinth)
 21713 | Lab      | Got a glittering jade ring
 21715 | Lab      | Identified the ring "Xaeh Jig" {MR++ Str-3 Stlth-} (You found it in a labyrinth)
 21717 | Lab      | Identified a cursed +6 rod of ignition (12/12) (You took it off a minotaur in a labyrinth)
 21732 | Lab      | Identified a +2 rod of destruction (12/12) (You found it in a labyrinth)
 21794 | D:13     | Received a gift from Okawaru
 22772 | D:14     | Received a gift from Okawaru
 22812 | D:14     | Found a snail-covered altar of Cheibriados.
 22858 | D:14     | Found a gate to the Vaults.
 22937 | D:14     | Reached skill level 16 in Axes
 23447 | D:14     | Found a sacrificial altar of Ru.
 23530 | D:14     | Reached XP level 15. HP: 100/133 MP: 18/18
 24179 | D:15     | Entered Level 15 of the Dungeon
 24472 | D:15     | Received a gift from Okawaru
 24726 | D:15     | Found a staircase to the Depths.
 24737 | D:15     | Found a burning altar of Makhleb.
 25370 | Orc:1    | Entered Level 1 of the Orcish Mines
 25761 | Orc:2    | Entered Level 2 of the Orcish Mines
 25848 | Orc:2    | Found a staircase to the Elven Halls.
 25964 | Orc:2    | Found Waadwam's Food Emporium.
 26855 | Orc:2    | Found Ecsu's Armour Emporium.
 26855 | Orc:2    | Found Zoys's Weapon Shop.
 26865 | Orc:2    | Found Adafooga's Jewellery Shoppe.
 26869 | Orc:2    | Found Uninoal's Distillery.
 27152 | Orc:2    | Bought a potion of heal wounds for 85 gold pieces
 27152 | Orc:2    | Bought a potion of haste for 170 gold pieces
 27152 | Orc:2    | Bought a potion of heal wounds for 85 gold pieces
 27152 | Orc:2    | Bought a potion of might for 68 gold pieces
 27557 | Snake:1  | Entered Level 1 of the Snake Pit
 28225 | Orc:2    | Bought a +4 amulet of reflection for 375 gold pieces
 28468 | Snake:1  | Reached skill level 17 in Axes
 29050 | Snake:1  | Received a gift from Okawaru
 29096 | Snake:1  | Noticed Aizul
 29111 | Snake:1  | Killed Aizul
 29115 | Snake:1  | Got a steaming platinum ring
 29384 | Lair:5   | Identified the ring of Uneykorph {rF+ rN+ Str+3} (You found it on level 1 of the Snake Pit)
 29452 | Snake:1  | Found Zouw's Armour Boutique.
 30261 | Snake:2  | Got a twisted plate armour
 30272 | Snake:2  | Identified the +7 plate armour of Myzxaet {rF+ rC+ rCorr Str+3} (You found it on level 2 of the Snake Pit)
 30395 | Snake:2  | Reached XP level 16. HP: 143/143 MP: 20/20
 31985 | Snake:3  | Received a gift from Okawaru
 31989 | Snake:3  | Got a transparent chain mail {god gift}
 32000 | Snake:3  | Identified the +0 chain mail of the Nine Nights {Int+5} (Okawaru gifted it to you on level 3 of the Snake Pit)
 32021 | Snake:3  | Reached skill level 18 in Axes
 32346 | Snake:3  | Noticed Wiglaf
 32360 | Snake:3  | Killed Wiglaf
 32836 | Snake:4  | Entered Level 4 of the Snake Pit
 33770 | Snake:4  | Received a gift from Okawaru
 34158 | Snake:4  | Reached XP level 17. HP: 152/152 MP: 22/22
 34164 | Snake:4  | Received a gift from Okawaru
 34585 | Snake:4  | Received a gift from Okawaru
 34614 | Snake:4  | Received a gift from Okawaru
 34643 | Snake:4  | Reached skill level 19 in Axes
 34691 | Snake:4  | HP: 4/154 [something (15)]
 35243 | Snake:4  | Received a gift from Okawaru
 35253 | Snake:4  | Received a gift from Okawaru
 35375 | Snake:4  | Got a serpentine rune of Zot
 35809 | Vaults:1 | Entered Level 1 of the Vaults
 36180 | Vaults:1 | Reached skill level 15 in Shields
 36185 | Vaults:1 | Noticed Jorgrun
 36196 | Vaults:1 | Killed Jorgrun
 36881 | Vaults:1 | Found Morhem's Distillery.
 36960 | Vaults:1 | Found Gozag's Antique Armour Shoppe.
 37178 | Vaults:1 | Found an opulent altar of Gozag.
 37185 | Vaults:1 | Found Gozag's Antique Weapon Shoppe.
 37198 | Vaults:1 | Reached XP level 18. HP: 159/162 MP: 24/24
 37226 | Vaults:1 | Found Gozag's Antique Weapon Emporium.
 37609 | Vaults:1 | Received a gift from Okawaru
 37762 | Vaults:1 | Reached skill level 15 in Fighting
 37856 | Vaults:1 | Reached skill level 20 in Axes
 37977 | Vaults:1 | Reached skill level 15 in Armour
 38743 | Vaults:2 | Reached skill level 10 in Evocations
 38899 | Vaults:2 | Found Hywewoed's Antique Armour Shop.
 39111 | Vaults:2 | Received a gift from Okawaru
 39216 | Vaults:2 | Found Kees's Distillery.
 39635 | Vaults:2 | Received a gift from Okawaru
 39769 | Vaults:2 | Found Gyok's Armour Shoppe.
 39866 | Vaults:2 | Reached XP level 19. HP: 166/172 MP: 25/25
 40153 | Vaults:3 | Received a gift from Okawaru
 40169 | Vaults:3 | Got a blackened quick blade {god gift}
 40170 | Vaults:3 | Identified the +1 quick blade of Imbalance {drain, rElec Dex+3} (Okawaru gifted it to you on level 3 of the Vaults)
 40484 | Vaults:3 | Noticed Xtahua
 40494 | Vaults:3 | Killed Xtahua
 40642 | Vaults:3 | Reached skill level 21 in Axes
 40818 | Vaults:3 | Found a staircase to the Crypt.
 40829 | Vaults:3 | Received a gift from Okawaru
 42006 | Vaults:4 | Reached skill level 15 in Dodging
 42221 | Vaults:1 | Received a gift from Okawaru
 42234 | Vaults:1 | Bought the -2 hat of the Alchemist {rElec rPois rF+ rC+ rN+ MR+ rMut rCorr} for 4720 gold pieces
 42624 | Vaults:4 | Received a gift from Okawaru
 43049 | Vaults:4 | Reached XP level 20. HP: 182/182 MP: 27/27
 43355 | Vaults:5 | Entered Level 5 of the Vaults
 43379 | Vaults:5 | Received a gift from Okawaru
 43379 | Vaults:5 | Reached skill level 22 in Axes
 43385 | Vaults:5 | Noticed a golden dragon
 43394 | Vaults:5 | Cast into level 2 of the Abyss (a deep elf sorcerer)
 44124 | Abyss:2  | Paralysed by accursed screaming for 1 turns
 44126 | Abyss:2  | HP: 5/183 [large abomination (12)]
 44250 | Abyss:3  | Killed from afar by a deep elf sorcerer

Vault maps used:
D:1:      mushboom_english_gardens, st_stairs_10, nicolae_ashenzari_panopticon
D:2:      first_bread, minmay_lizard_king
D:4:      nicolae_overflow_crystal_walls, yredelemnul_altar_generic,
          gammafunk_temple_overflow_pools, minmay_temple_entry_statues_pillars
D:5:      uniq_grinder
D:6:      serial_shops, shop, nicolae_shop_crystal, minmay_misc_feat_five,
          cheibriados_altar_wand_db
D:7:      nicolae_ossuary_entry_plus
D:8:      grunt_pizzeria
D:9:      grunt_temple_overflow_open, lair_0_dummy, orc_0_dummy,
          amethyst_killhole, minivault_16, minmay_bad_closet,
          minmay_fountain_box, corner_web_ring, kennysheep_small_circle
D:10:     enter_bailey_2, kennysheep_generic_room_12, uniq_maurice
D:12:     xom_confusion_cloud, uniq_frances
D:13:     lab_entry_generic
D:14:     david_vaults_1, basic_altar, nicolae_ru_the_path_less_chosen
D:15:     hangedman_depths_entry_civil_slaughter, basic_altar, kb_rosetta
Temple:   minmay_temple_curvy_14
Lair:1:   uniq_sonja
Lair:2:   beast_lair_carwin_4
Lair:3:   nicolae_volcano_entry_vermiform, grunt_megastairs_1
Lair:5:   guppyfry_snake_entry_garden
Lair:6:   shoals_dummy_entry, forest_entry_grove, lemuel_fruit_tree
Lair:7:   dpeg_slime_entry_corner, st_stairs_4, grunt_megastairs_5
Lair:8:   wormcave, guppyfry_lair_end_dragon, lemuel_fruit_fields
Snake:1:  serial_shops, shop, uniq_aizul
Snake:3:  uniq_wiglaf
Snake:4:  snake_pit_salamanders_mu
Orc:2:    st_orc_rangers, serial_shops, nicolae_shop_behind_doors,
          mines_bat_river
Vaults:1: kennysheep_vaults_gozag_temple, dpeg_vaults_monster_row, v_misc_12,
          ontoclasm_vaults_fault, hangedman_vaults_nodes, vaults_mumra_lcd,
          hangedman_vaults_variations, v_pattern_2, v_misc_16,
          vaults_room_grunt_arrival_ludios, v_misc_13, v_misc_22,
          vaults_room_hallway, serial_shops, shop, uniq_jorgrun
Vaults:2: nicolae_vaults_sealed_display, hangedman_vaults_cutoff,
          ontoclasm_vaults_gateway, vaults_standard_mumra_x, v_misc_27,
          nicolae_vaults_little_squares_3, hangedman_vaults_nails,
          ontoclasm_vaults_echo, v_rooms_3, v_misc_19,
          ontoclasm_vaults_loading_screen, vaults_dpeg_encased_lava,
          v_alt_pattern_3, serial_shops, shop, nicolae_shop_behind_doors,
          nicolae_shop_temple_entry_statues_fountains
Vaults:3: minmay_crypt_entry_simple_statues, nicolae_vaults_rhombus_5,
          v_rooms_2, grunt_vaults_funnel, hangedman_vaults_snaps,
          nicolae_vaults_little_squares_2, uniq_xtahua
Vaults:4: ontoclasm_vaults_misaligned, nicolae_vaults_puzzle_piece,
          nicolae_vaults_border_crossing, vaults_room_large_hall,
          nicolae_vaults_little_squares_6, nicolae_vaults_shelves_hall,
          hangedman_vaults_slice, vaults_room_semicircle,
          nicolae_vaults_little_squares_5, nicolae_vaults_shelves_hall,
          v_pattern_4, nicolae_vaults_theta
Abyss:2:  serial_sigils_hangedman_shear, evilmike_abyss_exit_vortex
Lab:      labyrinth_spiral, nicolae_lab_t_cross, nicolae_lab_big_swirl,
          nicolae_lab_starburst
Ossuary:  ossuary_tomb_1
Bailey:   bailey_axe_of_yendor_kennysheep, bailey

Action                   |  1- 3 |  4- 6 |  7- 9 | 10-12 | 13-15 | 16-18 | 19-21 || total
-------------------------+-------+-------+-------+-------+-------+-------+-------++-------
Melee: War axe           |    81 |    83 |   374 |    34 |       |       |       ||   572
       Broad axe         |       |       |       |   276 |   875 |   934 |   566 ||  2651
       Battleaxe         |       |       |       |    66 |    44 |       |       ||   110
Invok: Heroism           |       |       |       |     1 |     1 |     1 |     1 ||     4
       Finesse           |       |       |       |       |     4 |     3 |     1 ||     8
 Abil: Evoke Berserk Rag |       |       |       |     1 |       |       |       ||     1
Evoke: Wand              |       |       |       |     1 |     4 |     4 |       ||     9
  Use: Scroll            |     6 |     1 |     7 |    16 |    18 |     4 |     8 ||    60
       Potion            |     2 |     3 |     7 |     1 |     5 |     2 |    13 ||    33
 Stab: Paralysed         |       |       |       |     1 |       |       |       ||     1
  Eat: Chunk             |     1 |     3 |    17 |    17 |    20 |    19 |     4 ||    81
       Royal jelly       |       |     1 |       |     1 |     3 |       |     1 ||     6
       Fruit             |       |       |       |     8 |    19 |     4 |     2 ||    33
       Beef jerky        |       |       |       |     2 |     5 |     6 |     3 ||    16
       Meat ration       |       |       |       |       |       |       |     2 ||     2
